cohdb
Replays
Latest Replays
All Replays
Popular Replays
Top Player Replays
Match Explorer
How It Works
Community
CoH3 Stats
Reddit
Sign in to upload your games and track your stats! →
Sign in with Steam
Match 38638015
Unlisted
Match 38638015
Overview
Messages
Build Orders
End
Pioneer Squad
Construct Infanterie Kompanie
Grenadier Squad
MG 42 Machine Gun Team
Selects Breakthrough Battlegroup
Grenadier Squad
Infanterie Officer Quarters
Selects Assault Grenadiers
Selects Rapid Production
Grenadier Squad
Medical Station
GrW 34 Mortar Team
Construct Luftwaffe Kompanie
Jäger Squad
Support Elements
Selects Blitzkrieg
Marder III M Tank Destroyer
Wirbelwind Flakpanzer
MG 42 Machine Gun Team
Jäger Squad
Jäger Squad
Pioneer Squad
That Guy
SneaKerz
0
0
Comments
sign in to comment!
No comments posted yet!